 Dungeon Crawl Stone Soup version 0.29.1-15-g9cfb28693d (webtiles) character file.

Game seed: 8229501006436595313

58 hawla the Firebug (level 4, -3/33 HPs)
             Began as a Meteoran Fire Elementalist on Apr 25, 2023.
             Slain by a black bear (6 damage)
             ... on level 4 of the Dungeon.
             The game lasted 00:02:32 (439 turns).

hawla the Firebug (Meteoran Fire Elementalist)       Turns: 439, Time: 00:02:32

Health: -3/33      AC:  2    Str:  8 (9)  XL:     4   Next: 44%
Magic:  1/10       EV: 12    Int: 17 (19) God:
Gold:   10         SH:  0    Dex: 11 (14) Spells: 7/10 levels left

rFire   + . .      SeeInvis .   (no weapon)
rCold   + . .      Faith    .   (no shield)
rNeg    . . .      Spirit   .   a - +0 robe
rPois   +          Reflect  .   (no helmet)
rElec   +          Harm     .   (no cloak)
rCorr   +          Rampage  .   (no gloves)
Will    .....                   (no boots)
Stlth   +.........              (no amulet)
HPRegen 0.11/turn               (no ring)
MPRegen 0.12/turn               (no ring)

@: resistant, glowing
A: sense surroundings 1, otherworldly, glowing, explore regen
a: no special abilities


You were on level 4 of the Dungeon.
You visited 1 branch of the dungeon, and saw 4 of its levels.

You collected 10 gold pieces.

Inventory:

Armour
 a - a +0 robe (worn)
Scrolls
 c - 2 scrolls of identify {unknown}
 d - a scroll of poison {unknown}
Potions
 b - a potion of magic


   Skills:
 + Level 0.1 Fighting
 + Level 2.9 Dodging
 - Level 1.4 Stealth
 + Level 3.6 Spellcasting
 + Level 1.9 Conjurations
 + Level 4.6 Fire Magic


You had 7 spell levels left.
You knew the following spells:

 Your Spells              Type           Power      Damage    Failure   Level
a - Foxfire               Conj/Fire      56%        2x1d6     4%          1
b - Scorch                Fire           36%        2d6       3%          2

Your spell library contained the following spells:

 Spells                   Type           Power      Damage    Failure   Level
 Conjure Flame            Conj/Fire      14%        6-21      13%         3
 Inner Flame              Hex/Fire       11%        N/A       19%         3
 Flame Wave               Conj/Fire      14%        2d6       38%         4


Dungeon Overview and Level Annotations

Branches:
Dungeon (4/15) Zot: 1959
 Temple: D:4-7

Altars:

Annotations:
D:4 Sigmund


Innate Abilities, Weirdness & Mutations

You passively map a small area around you.
You are easily found by Zot.
You glow in the dark.
You regain HP and MP as you explore.


Message History

Casting: Scorch (safe; 3% risk of failure)
Confirm with . or Enter, or press ? or * to list all spells.
You conjure some foxfire!
You feel sick. The black bear closely misses you. x2
The black bear claws you. The adder bites you.
Casting: Foxfire (safe; 4% risk of failure)
Confirm with . or Enter, or press ? or * to list all spells.
Flames lash the adder.
The adder is burned terribly!
You kill the adder!
You feel sick.
The black bear is no longer more vulnerable to fire.
The foxfire hits the black bear.
The black bear is heavily wounded.
The foxfire hits the black bear.
The black bear is heavily wounded.
The black bear bites you. The black bear claws you.
The black bear closely misses you.
Unknown command.
Casting: Scorch (safe; 3% risk of failure)
Confirm with . or Enter, or press ? or * to list all spells.
You don't have enough magic to cast this spell.
Casting: Scorch (safe; 3% risk of failure)
Confirm with . or Enter, or press ? or * to list all spells.
You conjure some foxfire!
You feel sick.
You are no longer poisoned.
The black bear bites you.
* * * LOW HITPOINT WARNING * * *
The black bear closely misses you.
The black bear claws you but does no damage.
It was a potion of resistance.
You feel protected.
The foxfire hits the black bear.
The black bear is almost dead.
The foxfire hits the black bear.
The black bear is almost dead.
The black bear goes berserk!
It was a potion of degeneration.
There was something very wrong with that liquid.
You feel weakened.
You feel dopey.
You feel clumsy. The black bear misses you. The black bear claws you.
You die...

.#. #.##..# #.##..#
#.##..#
###########.##..#
#.........#.##..#
#.#######.#.##..#
###.####
#.#.##ยงยง#
.......# #..#.#@)#
###.##.####.###.h.#
###.##.....## ##..#
........... ##.###
###.####.##. #.##
#.# #.#.....##
#.........##
######.##


You could see a black bear (berserk).

Vanquished Creatures
  A hound (D:4)
  An adder (D:4)
  A worm (D:3)
  A dart slug (D:3)
  An orc (D:3)
  A ball python (D:3)
  An endoplasm (D:3)
  A hobgoblin (D:1)
  2 jackals (D:3)
  2 quokkas
  A bat (D:3)
  A frilled lizard (D:3)
  A kobold (D:1)
15 creatures vanquished.

Vanquished Creatures (others)
  42 foxfires
  23 plants (D:3)
65 creatures vanquished.

Grand Total: 80 creatures vanquished

Notes
Turn   | Place    | Note
-------+----------+-------------------------------------------
     0 | D:1      | hawla the Meteoran Fire Elementalist began the quest for
                  | the Orb.
     0 | D:1      | Reached XP level 1. HP: 14/14 MP: 5/5
   194 | D:4      | Noticed Sigmund
   230 | D:3      | Reached XP level 2. HP: 20/20 MP: 0/6
   233 | D:3      | Learned a level 2 spell: Scorch
   274 | D:3      | Reached skill level 4 in Fire Magic
   376 | D:3      | Reached XP level 3. HP: 22/26 MP: 6/8
   384 | D:4      | Reached XP level 4. HP: 30/33 MP: 5/10
   426 | D:4      | Noticed a black bear
   439 | D:4      | Slain by a black bear

Illustrated notes

Levels and vault maps discovered:
D:1:      kilobyte_arrival_exit_the_forest, layout_basic,
          shapermc_ecumenical_altar_ellora
D:2:      layout_loops_ring, basic_altar, wander_ebering_terrifying_dragon_lair
D:3:      layout_basic, nicolae_grassy_gnolls
D:4:      layout_loops_ring, serial_shops, nicolae_shop_behind_doors,
          uniq_sigmund

Skill      XL: |  1  2 |
---------------+-------+-----
Fire Magic     | 4 |  4.6
Spellcasting   | 3 |  3.6
Fighting       | |  0.1
Dodging        | |  2.9
Stealth        | |  1.4
Conjurations   | |  1.9

Action                   |  1- 3 |  4- 6 || total
-------------------------+-------+-------++-------
Melee: Unarmed           |     5 |       ||     5
       Punch             |     1 |       ||     1
 Cast: Foxfire           |    23 |     3 ||    26
       Scorch            |     1 |     5 ||     6
  Use: Potion            |       |     2 ||     2
Armor: Robe              |     3 |     3 ||     6
Dodge: Dodged            |     6 |     8 ||    14
